 Dungeon Crawl Stone Soup version 0.21.0-25-ge575cb9 (webtiles) character file.

10083 JamesBald the Carver (level 11, -9/126 HPs)
             Began as a Demonspawn Berserker on Jan 22, 2018.
             Was a High Priest of Trog.
             Mangled by a 12-headed hydra (12 damage)
             ... on level 1 of the Lair of Beasts.
             The game lasted 00:40:16 (8586 turns).

JamesBald the Carver (Demonspawn Berserker)         Turns: 8586, Time: 00:40:18

Health: -9/126     AC: 21    Str: 25    XL:     11   Next: 31%
Magic:  11/11      EV: 14    Int:  9    God:    Trog [*****.]
Gold:   606        SH:  8    Dex: 13    Spells: 10/10 levels left

rFire    . . .     SeeInvis +   z - +3 scimitar (elec)
rCold    . . .     Gourm    .   x - +3 buckler
rNeg     + . .     Faith    .   G - +0 troll leather armour
rPois    .         Spirit   .   (helmet restricted)
rElec    .         Reflect  .   i - +0 cloak
rCorr    .         Harm     .   v - +0 pair of gloves
MR       ++...                  t - +0 pair of boots
Stlth    ..........             (no amulet)
HPRegen  1.71/turn              d - ring of see invisible
MPRegen  0.12/turn              s - ring of positive energy

@: berserking, sanguine armour, regenerating, very quick
A: horns 1, foul stench 1, powered by death 2, rot immunity, sanguine armour 3
a: Berserk, Trog's Hand, Brothers in Arms, Burn Spellbooks, Renounce Religion


You were on level 1 of the Lair of Beasts.
You worshipped Trog.
Trog was extremely pleased with you.
You were hungry.

You visited 2 branches of the dungeon, and saw 11 of its levels.

You collected 606 gold pieces.

Inventory:

Hand Weapons
 b - a +2 great sword
 g - a +2 whip of venom
 q - a +0 short sword of flaming
 z - a +3 scimitar of electrocution (weapon)
 A - a +3 war axe of freezing
Armour
 i - a +0 cloak (worn)
 t - a +0 pair of boots (worn)
 v - a +0 pair of gloves (worn)
 x - a +3 buckler (worn)
 G - a +0 troll leather armour (worn)
Magical Staves
 h - an uncursed staff of fire {unknown}
 E - an uncursed staff of cold {unknown}
Jewellery
 d - a ring of see invisible (left hand)
 s - a ring of positive energy (right hand)
Wands
 f - a wand of enslavement (13)
 w - a wand of random effects (22)
 B - a wand of iceblast (18)
 C - a wand of acid (10)
 D - a wand of flame (28)
Scrolls
 a - a scroll of magic mapping {unknown}
 e - 2 scrolls of identify
 o - 2 scrolls of enchant armour
 p - 3 scrolls of enchant weapon
 y - 2 scrolls of remove curse
 H - a scroll of teleportation
 I - a scroll of fog {unknown}
Potions
 j - a potion of might
 k - a potion of cancellation {unknown}
 l - a potion of brilliance
 m - 3 potions of flight {unknown}
 n - 2 potions of ambrosia {unknown}
 r - a potion of heal wounds {unknown}
 u - a potion of lignification {unknown}
 F - a potion of mutation {unknown}
Comestibles
 c - 8 rations


   Skills:
 + Level 7.3 Fighting
 + Level 9.3 Long Blades
 + Level 5.8 Maces & Flails
   Level 3.3 Polearms
 + Level 7.7 Armour
 + Level 5.2 Dodging
 + Level 2.2 Stealth
 + Level 4.2 Shields


You had 10 spell levels left.
You didn't know any spells.

Dungeon Overview and Level Annotations

Branches:
Dungeon (10/15)            Temple (0/1) D:7            Lair (1/6) D:10
    Orc (0/2) D:9

Altars:
Gozag
Makhleb
Ru
Xom
Zin
The Shining One
Beogh

Portals:
Trove: D:10 (give +6 demon blade)

Annotations:
D:4 1 runed door
D:8 Blork the orc


Innate Abilities, Weirdness & Mutations

You have a pair of small horns on your head.
You may emit foul miasma when damaged in melee.
You regenerate health from kills.
You are immune to rotting.
When seriously injured, your bleeding wounds create very thick armour. (AC +12)


Message History

The 12-headed hydra is severely wounded.
You barely miss the 12-headed hydra.
Your headbutt misses the 12-headed hydra.
The 12-headed hydra is severely wounded.
The 12-headed hydra is engulfed in dark miasma.
The 12-headed hydra bites you!
* * * LOW HITPOINT WARNING * * *
The 12-headed hydra bites you.
* * * LOW HITPOINT WARNING * * *
The 12-headed hydra bites you but does no damage.
You block the 12-headed hydra's attack.
The 12-headed hydra bites you but does no damage. x3
You block the 12-headed hydra's attack.
The 12-headed hydra bites you but does no damage.
The 12-headed hydra bites you.
* * * LOW HITPOINT WARNING * * *
The 12-headed hydra bites you.
* * * LOW HITPOINT WARNING * * *
The 12-headed hydra bites you!
You die...

......
.....###.##......
..>...
##.(.####.....
......# #...##
##..... [......
###..## #......
....... ##..[##
##.....
.......##...##
#....#
.......#...##
#....#
#...(......#
##....
##.....D@..####
##...
#............#
....
#............#
....
##.............
#...#.?........
....##.##.......
...# ## #......
..# ...... .#
#....


You could see a 12-headed hydra.

Vanquished Creatures
  Erica (D:8)
  3 two-headed ogres
  Nergalle (D:10)
  An unseen horror (D:10)
  An ugly thing (D:10)
  Maurice (D:8)
  2 trolls
  Prince Ribbit (D:8)
  4 hippogriffs
  A spriggan (D:9)
  A water moccasin (D:5)
  4 orc warriors
  4 ice beasts
  A phantom (D:9)
  A necrophage (D:8)
  2 centaurs
  3 wolves (D:10)
  An ogre (D:5)
  4 bullfrogs
  3 scorpions
  9 wights
  3 killer bees (D:9)
  2 electric eels (D:10)
  7 howler monkeys
  A centaur zombie (D:8)
  2 crimson imps
  A quasit (D:8)
  A gnoll shaman (D:5)
  9 hounds
  A jelly (D:8)
  8 orc priests
  6 centaur skeletons
  4 orc wizards
  2 bullfrog skeletons
  2 iguanas
  2 worker ants (D:8)
  A hound skeleton (D:9)
  A howler monkey zombie (D:6)
  A worker ant zombie (D:6)
  7 gnolls
  6 adders
  2 shadow imps
  2 oozes
  An adder zombie (D:7)
  An adder skeleton (D:5)
  2 worms
  A dart slug (D:2)
  9 leopard geckos
  37 orcs
  11 giant cockroaches
  9 goblins
  4 hobgoblins
  8 jackals
  4 quokkas
  2 ball pythons
  5 bats
  10 frilled lizards
  A jackal skeleton (D:8)
  3 kobolds
  A leopard gecko zombie (D:8)
  A quokka skeleton (D:7)
  8 rats
  A fungus (Lair:1)
239 creatures vanquished.

Notes
Turn   | Place    | Note
-------+----------+-------------------------------------------
     0 | D:1      | JamesBald the Demonspawn Berserker began the quest for the Orb.
     0 | D:1      | Reached XP level 1. HP: 18/18 MP: 1/1
   192 | D:1      | Gained mutation: When seriously injured, your bleeding wounds create armour. (AC +12) [demonic ancestry]
   192 | D:1      | Reached XP level 2. HP: 4/24 MP: 2/2
   672 | D:1      | Reached ** piety under Trog
  1031 | D:2      | Gained mutation: You have a pair of small horns on your head. [demonic ancestry]
  1031 | D:2      | Reached XP level 3. HP: 28/29 MP: 3/3
  1159 | D:2      | Found an opulent altar of Gozag.
  1451 | D:2      | Gained mutation: You are immune to rotting. [demonic ancestry]
  1451 | D:2      | Reached XP level 4. HP: 32/37 MP: 4/4
  1814 | D:3      | Reached skill level 1 in Maces & Flails
  2345 | D:4      | Gained mutation: When seriously injured, your bleeding wounds create thick armour. (AC +12) [demonic ancestry]
  2345 | D:4      | Reached XP level 5. HP: 27/42 MP: 5/5
  2378 | D:4      | Reached *** piety under Trog
  2463 | D:4      | Reached XP level 6. HP: 29/48 MP: 6/6
  2581 | D:4      | Found a runed door.
  2742 | D:5      | Entered Level 5 of the Dungeon
  2827 | D:5      | Found a glowing golden altar of the Shining One.
  3084 | D:5      | Noticed a water moccasin
  3086 | D:5      | Noticed an ice beast
  3102 | D:5      | Killed a water moccasin
  3102 | D:5      | Gained mutation: When seriously injured, your bleeding wounds create very thick armour. (AC +12) [demonic ancestry]
  3102 | D:5      | Reached XP level 7. HP: 35/54 MP: 7/7
  3303 | D:5      | Reached skill level 1 in Stealth
  3553 | D:5      | Received a gift from Trog
  3621 | D:6      | Found a sacrificial altar of Ru.
  4527 | D:7      | Reached XP level 8. HP: 61/61 MP: 8/8
  4602 | D:7      | Found a staircase to the Ecumenical Temple.
  4626 | D:7      | Noticed a hippogriff
  4633 | D:7      | Killed a hippogriff
  4633 | D:7      | Reached skill level 5 in Maces & Flails
  4633 | D:7      | Reached skill level 5 in Armour
  4771 | D:7      | Reached skill level 1 in Long Blades
  4832 | D:7      | Noticed a hippogriff
  4838 | D:7      | Noticed a two-headed ogre
  4846 | D:7      | Killed a hippogriff
  4846 | D:7      | Reached **** piety under Trog
  4846 | D:7      | Reached skill level 5 in Fighting
  4846 | D:7      | Reached skill level 2 in Long Blades
  4852 | D:7      | Killed a two-headed ogre
  4852 | D:7      | Reached skill level 4 in Long Blades
  4852 | D:7      | Reached skill level 1 in Shields
  4852 | D:7      | Gained mutation: You regenerate a little health from kills. [demonic ancestry]
  4852 | D:7      | Reached XP level 9. HP: 68/68 MP: 9/9
  5074 | D:7      | Received a gift from Trog
  5154 | D:7      | Got an ancient flail
  5166 | D:7      | Found a shimmering altar of Xom.
  5197 | D:7      | Reached skill level 5 in Long Blades
  5528 | D:8      | Noticed Maurice
  5536 | D:8      | Killed Maurice
  5866 | D:8      | Noticed Blork the orc
  5964 | D:8      | Noticed a two-headed ogre
  5991 | D:8      | Killed a two-headed ogre
  5991 | D:8      | Reached skill level 6 in Long Blades
  6107 | D:8      | Noticed Prince Ribbit
  6116 | D:8      | Killed Prince Ribbit
  6116 | D:8      | Gained mutation: You regenerate health from kills. [demonic ancestry]
  6116 | D:8      | Reached XP level 10. HP: 63/76 MP: 10/10
  6175 | D:8      | Noticed a two-headed ogre
  6181 | D:8      | Killed a two-headed ogre
  6181 | D:8      | Reached skill level 7 in Long Blades
  6394 | D:8      | Noticed Erica
  6405 | D:8      | Killed Erica
  6405 | D:8      | Reached skill level 8 in Long Blades
  6841 | D:9      | Noticed a blizzard demon
  6842 | D:9      | Found a burning altar of Makhleb.
  6845 | D:9      | Found a glowing silver altar of Zin.
  6845 | D:9      | Noticed an angel
  7081 | D:9      | Reached ***** piety under Trog
  7479 | D:9      | Found a staircase to the Orcish Mines.
  7611 | D:9      | Found a roughly hewn altar of Beogh.
  7713 | D:10     | Entered Level 10 of the Dungeon
  7733 | D:10     | Noticed a white ugly thing
  7738 | D:10     | Killed a white ugly thing
  7738 | D:10     | Gained mutation: You may emit foul miasma when damaged in melee. [demonic ancestry]
  7738 | D:10     | Reached XP level 11. HP: 83/83 MP: 11/11
  7803 | D:10     | HP: 2/84 [electric eel/bolt of electricity (6)]
  7827 | D:10     | Reached skill level 9 in Long Blades
  7827 | D:10     | Reached skill level 5 in Dodging
  8200 | D:10     | Found a portal to a secret trove of treasure.
  8275 | D:10     | Noticed Nergalle
  8277 | D:10     | Noticed an unseen horror
  8285 | D:10     | Killed an unseen horror
  8326 | D:10     | Noticed a spectral orc warlord
  8335 | D:10     | Killed Nergalle
  8401 | D:10     | Found a staircase to the Lair.
  8516 | Lair:1   | Entered Level 1 of the Lair of Beasts
  8574 | Lair:1   | Noticed an eight-headed hydra
  8586 | Lair:1   | HP: 6/126 [12-headed hydra (5)]
  8586 | Lair:1   | Mangled by a 12-headed hydra

Skill      XL: |  1  2  3  4  5  6  7  8  9 10 11 |
---------------+----------------------------------+-----
Polearms       | 3 |  3.3
Armour         | 2 3 4 5 6 7 |  7.7
Dodging        | 2 3 4 5 |  5.2
Maces & Flails | 1 2 3 4 5 |  5.8
Fighting       | 4 5 6 7 |  7.3
Stealth        | 1 2 |  2.2
Long Blades    | 4 6 8 9 |  9.3
Shields        | 1 2 3 4 |  4.2

Action                   |  1- 3 |  4- 6 |  7- 9 | 10-12 || total
-------------------------+-------+-------+-------+-------++-------
Melee: Spear             |    85 |       |       |       ||    85
       Whip              |    50 |   128 |   103 |       ||   281
       Headbutt          |     9 |    26 |    53 |    59 ||   147
       Scimitar          |       |       |    90 |   263 ||   353
Invok: Berserk           |       |     1 |     4 |     5 ||    10
       Trog's Hand       |       |       |     3 |     6 ||     9
       Burn Spellbooks   |       |       |       |     1 ||     1
  Use: Potion            |     1 |     2 |     2 |     1 ||     6
       Scroll            |       |     2 |     8 |     3 ||    13
  Eat: Ration            |     1 |     1 |     5 |     4 ||    11
Armor: Animal skin       |    12 |       |       |       ||    12
       Scale mail        |    23 |    47 |    82 |    66 ||   218
       Troll leather arm |       |       |       |    29 ||    29
Dodge: Dodged            |   103 |    78 |    92 |   156 ||   429
Block: Buckler           |       |       |    41 |   123 ||   164
       Rpst.: Scimitar   |       |       |    15 |    27 ||    42
